 Dungeon Crawl Stone Soup version 0.26.1-2-gb8aa6d0cf2 (webtiles) character file.

Game seed: 1697638884481062880

34932 acdeimund the Fighter (level 13, -15/117 HPs)
             Began as a Grey Draconian Transmuter on Mar 26, 2021.
             Was an Elder of Wu Jian.
             Demolished by a seven-headed hydra (17 damage)
             ... on level 6 of the Lair of Beasts on Mar 28, 2021.
             The game lasted 01:22:28 (23408 turns).

acdeimund the Fighter (Grey Draconian Transmuter)  Turns: 23408, Time: 01:22:29

Health: -15/117    AC: 14    Str: 21    XL:     13   Next: 44%
Magic:  25/26      EV: 21    Int: 14    God:    Wu Jian [****..]
Gold:   1009       SH:  0    Dex: 20    Spells: 15/30 levels left

rFire    . . .     SeeInvis .     - Unarmed
rCold    + . .     Faith    .   (no shield)
rNeg     . . .     Spirit   .   (armour unavailable)
rPois    +         Reflect  .   (helmet currently unavailable)
rElec    .         Harm     .   F - scarf {shadows}
rCorr    .         Rampage  .   v - +0 pair of gloves
Will     .....                  (boots currently unavailable)
Stlth    ++........             y - amulet of the acrobat
HPRegen  0.29/turn              h - +6 ring of strength
MPRegen  0.20/turn              r - ring "Gysuj" {*Drain +Fly rPois rC+ Dex+6}

@: exhausted, about to teleport, appendages, wereblooded, hasted, very quick
A: walk through water, unfitting armour, horns 2, talons 2, unbreathing,
cold-blooded, AC +13
a: End Transformation, Renounce Religion, Evoke Flight, Wall Jump, Serpent's
Lash


You were on level 6 of the Lair of Beasts.
You worshipped Wu Jian.
Wu Jian was greatly pleased with you.
You had grown temporary horns.
You had grown temporary talons.
You visited 3 branches of the dungeon, and saw 17 of its levels.

You collected 1113 gold pieces.
You spent 104 gold pieces at shops.

Inventory:

Missiles
 c - 34 poisoned darts
 i - 3 javelins
 x - 10 boomerangs
Armour
 k - a +3 buckler
 u - a scarf of harm
 v - a +0 pair of gloves (worn)
 F - a scarf of shadows (worn)
Jewellery
 h - a +6 ring of strength (left hand)
 r - the ring "Gysuj" (right hand) {*Drain +Fly rPois rC+ Dex+6}
   (You found it on level 4 of the Dungeon)

   [ring of dexterity]

   It affects your dexterity (+6).
   It protects you from cold.
   It protects you from poison.
   It lets you fly.
   It causes draining when unequipped.
 y - an amulet of the acrobat (around neck)
 D - a +4 ring of protection {unknown}
 H - an uncursed ring of willpower
 M - an uncursed ring of positive energy {unknown}
Wands
 l - a wand of digging (9)
 m - a wand of iceblast (36)
 s - a wand of paralysis (18)
 B - a wand of acid (8)
Scrolls
 a - 5 scrolls of immolation
 d - 8 scrolls of teleportation
 f - 7 scrolls of remove curse
 j - 2 scrolls of fear
 p - 3 scrolls of enchant armour
 t - 10 scrolls of identify
 w - a scroll of blinking
 z - a scroll of enchant weapon {unknown}
 E - 2 scrolls of fog
 G - a scroll of magic mapping {unknown}
 I - 4 scrolls of amnesia
 K - a scroll of summoning {unknown}
 L - a scroll of holy word
Potions
 b - 5 potions of might
 e - a potion of degeneration
 g - 4 potions of curing
 n - a potion of magic
 o - 3 potions of attraction
 q - 2 potions of flight
 A - a potion of mutation
 C - a potion of haste
 J - a potion of lignification {unknown}


   Skills:
 * Level 11.7 Fighting
 * Level 10.3 Dodging
 - Level 4.0 Shields
 * Level 11.2 Unarmed Combat
 - Level 9.0 Spellcasting
 + Level 9.9 Transmutations


You had 15 spell levels left.
You knew the following spells:

 Your Spells              Type           Power        Failure   Level
a - Beastly Appendage     Tmut           34%          1%          1
b - Wereblood             Tmut           17%          1%          2
c - Ice Form              Ice/Tmut       10%          16%         4
d - Spider Form           Tmut/Pois      5%           4%          3
e - Blade Hands           Tmut           8%           5%          5

Your spell library contained the following spells:

 Spells                   Type           Power        Failure   Level
 Magic Dart               Conj           12%          12%         1
 Summon Small Mammal      Summ           12%          12%         1
 Petrify                  Tmut/Erth      10%          16%         4
 Call Imp                 Summ           3%           17%         2
 Searing Ray              Conj           6%           17%         2
 Call Canine Familiar     Summ           3%           34%         3
 Confusing Touch          Hex            3%           34%         3
 Conjure Flame            Conj/Fire      3%           34%         3
 Dazzling Flash           Conj/Hex       6%           34%         3
 Gell's Gravitas          Tloc           1%           34%         3
 Summon Guardian Golem    Hex/Summ       3%           34%         3
 Yara's Violent Unravell  Hex/Tmut       5%           38%         5
 Fulminant Prism          Conj/Hex       1%           75%         4
 Iskenderun's Mystic Bla  Conj/Tloc      3%           75%         4
 Summon Ice Beast         Ice/Summ       3%           75%         4
 Summon Lightning Spire   Summ/Air       3%           75%         4
 Metabolic Englaciation   Hex/Ice        1%           97%         5
 Summon Demon             Summ           1%           97%         5
 Summon Forest            Summ/Tloc      1%           97%         5
 Summon Mana Viper        Hex/Summ       3%           97%         5
 Conjure Ball Lightning   Conj/Air       1%           100%        6
 Shadow Creatures         Summ           N/A          100%        6
 Starburst                Conj/Fire      1%           100%        6
 Summon Hydra             Summ           1%           100%        7


Dungeon Overview and Level Annotations

Branches:
Dungeon (10/15)            Temple (1/1) D:6            Lair (5/6) D:10
 Shoals (0/4) Lair:3        Snake (0/4) Lair:2          Orc (0/2) D:9
  Slime: Lair:5-6

Altars:
Ashenzari
Cheibriados
Dithmenos
Elyvilon
Fedhas
Gozag
Hepliaklqana
Kikubaaqudgha
Makhleb
Nemelex Xobeh
Okawaru
Qazlal
Ru
Sif Muna
Trog
Uskayaw
Vehumet
Wu Jian
Xom
Yredelemnul
Zin
The Shining One

Shops:
D:5 *   D:7 *   D:10 =

Annotations:
Lair:3 exclusion: oklob plant


Innate Abilities, Weirdness & Mutations

You can walk through water.
Your dull iron-grey scales are very hard. (AC +13)
You cannot fit into any form of body armour.
You can survive without breathing.
You are cold-blooded and may be slowed by cold attacks.
You have a pair of horns on your head.
You have razor-sharp toenails.


Message History

The seven-headed hydra closely misses you.
The seven-headed hydra bites you but does no damage. x2
The seven-headed hydra bites you.
* * * LOW HITPOINT WARNING * * *
The seven-headed hydra closely misses you.
The seven-headed hydra completely misses you.
The seven-headed hydra misses you. The wolf closely misses you.
The four-headed hydra barely misses you. x2
The four-headed hydra bites you!
* * * LOW HITPOINT WARNING * * *
The four-headed hydra misses you.
You spin and attack the seven-headed hydra.
You barely miss the seven-headed hydra. You claw the seven-headed hydra.
You headbutt the seven-headed hydra.
The seven-headed hydra is almost dead.
The seven-headed hydra barely misses you.
The seven-headed hydra bites you!
* * * LOW HITPOINT WARNING * * *
The seven-headed hydra bites you!
You die...

.# ## . .. ...#
...#.##.#
.#......##
#........#
####...(....#
##.#.@........
###...hDh.......
.....DS..†.....P
...#.#..†.......
#P ##.#.†....P##
####....###
#...#.# #.##.##
..# #.#


You could see a seven-headed hydra, a four-headed hydra, a water moccasin and 2
wolves.

Vanquished Creatures
  4 hydras
  2 two-headed ogres
  A queen ant (Lair:3)
  An unseen horror (D:9)
  Pikel (D:5)
  Joseph (D:7)
  5 black mambas
  6 elephants
  A torpor snail (Lair:3)
  A merfolk siren (Lair:3)
  Maggie (D:7)
  6 cane toads
  2 komodo dragons
  2 polar bears (Lair:2)
  21 dream sheep
  13 blink frogs
  Sigmund (D:2)
  A basilisk (Lair:4)
  38 yaks
  3 wyverns
  A steam dragon (D:7)
  2 nagas (Lair:2)
  3 wargs
  18 water moccasins
  6 soldier ants (Lair:3)
  4 sky beasts
  2 orc warriors
  2 black bears
  An ice beast (D:4)
  An eye of draining (D:10)
  3 phantoms
  9 wolves
  3 ogres
  A necrophage (D:7)
  3 centaurs
  A lemure (D:4)
  2 big kobolds
  8 bullfrogs
  A gnoll sergeant (D:9)
  A water moccasin zombie (D:9)
  A scorpion (D:5)
  9 killer bees
  13 wights
  An electric eel (Lair:1)
  2 centaur zombies
  A bullfrog zombie (D:10)
  2 bullfrog skeletons
  4 hounds
  4 jellies
  2 orc priests
  3 iguanas
  8 orc wizards
  37 worker ants
  6 hell rats (Lair:3)
  A hound zombie (D:5)
  A hound skeleton (D:5)
  5 gnolls (D:9)
  2 howler monkey zombies
  A howler monkey skeleton (D:4)
  12 adders
  3 shadow imps
  4 white imps
  2 ufetubi
  An adder zombie (D:9)
  2 worms (D:3)
  A dart slug (D:1)
  3 leopard geckos
  20 orcs
  A ball python (D:1)
  9 bats
  10 giant cockroaches
  10 goblins
  8 hobgoblins
  11 jackals
  3 quokkas
  5 frilled lizards
  A giant cockroach zombie (D:5)
  2 goblin skeletons (D:5)
  4 hobgoblin zombies (D:5)
  A jackal zombie (D:6)
  21 kobolds
  A kobold skeleton (D:5)
  2 leopard gecko zombies
  An orc zombie (D:5)
  A quokka skeleton (D:4)
  A quokka zombie (D:5)
  6 rats
432 creatures vanquished.

Vanquished Creatures (others)
  41 fungi
  39 plants
80 creatures vanquished.

Grand Total: 512 creatures vanquished

Notes
Turn   | Place    | Note
-------+----------+-------------------------------------------
     0 | D:1      | acdeimund the Draconian Transmuter began the quest for the
                  | Orb.
     0 | D:1      | Reached XP level 1. HP: 16/16 MP: 3/3
   323 | D:1      | Reached XP level 2. HP: 23/23 MP: 5/5
  1070 | D:1      | Reached XP level 3. HP: 18/29 MP: 6/6
  2081 | D:2      | Noticed Sigmund
  2090 | D:2      | Killed Sigmund
  2091 | D:2      | Reached XP level 4. HP: 7/37 MP: 5/8
  2091 | D:2      | Reached XP level 5. HP: 8/44 MP: 5/9
  2914 | D:2      | Found a white marble altar of Elyvilon.
  3177 | D:2      | Found a blossoming altar of Fedhas.
  3655 | D:3      | Reached XP level 6. HP: 35/51 MP: 10/10
  4005 | D:3      | Found a faded altar of an unknown god.
  4008 | D:3      | Noticed a sky beast
  4041 | D:3      | Killed a sky beast
  4622 | D:4      | Reached skill level 1 in Shields
  5240 | D:4      | Your scales start taking on a dull iron-grey colour.
  5240 | D:4      | Reached XP level 7. HP: 25/57 MP: 12/12
  5240 | D:4      | Gained mutation: You can survive without breathing. [Grey
                  | Draconian growth]
  5624 | D:4      | Got a warped lead ring
  6160 | D:4      | Learned a level 2 spell: Wereblood
  6165 | D:4      | Learned a level 4 spell: Ice Form
  6169 | D:4      | Learned a level 3 spell: Spider Form
  6181 | D:5      | Entered Level 5 of the Dungeon
  6319 | D:5      | Reached XP level 8. HP: 43/66 MP: 14/14
  6462 | D:5      | Noticed Pikel
  6535 | D:5      | Killed Pikel
  6536 | D:5      | Reached skill level 5 in Unarmed Combat
  6598 | D:5      | Reached skill level 5 in Fighting
  6598 | D:5      | Reached skill level 5 in Transmutations
  6605 | D:5      | Learned a level 5 spell: Blade Hands
  6893 | D:5      | Found a glowing golden altar of the Shining One.
  7050 | D:5      | Found a shimmering blue altar of Sif Muna.
  7099 | D:5      | Found Loseuj's Lightly-Used Armoury.
  7392 | D:6      | Found a staircase to the Ecumenical Temple.
  7405 | Temple   | Entered the Ecumenical Temple
  7413 | Temple   | Became a worshipper of the Wu Jian Council
  7621 | D:6      | Reached XP level 9. HP: 74/74 MP: 14/16
  7862 | D:6      | Reached skill level 5 in Dodging
  7870 | D:6      | Found an iron altar of Okawaru.
  8114 | D:6      | Reached skill level 5 in Spellcasting
  8374 | D:7      | Noticed Joseph
  8394 | D:7      | Killed Joseph
  8577 | D:7      | Found Fioxzuet's General Store.
  8588 | D:7      | Bought a scroll of teleportation for 39 gold pieces
  8588 | D:7      | Bought a potion of heal wounds for 65 gold pieces
  8679 | D:7      | Identified the ring "Gysuj" {*Drain +Fly rPois rC+ Dex+6}
                  | (You found it on level 4 of the Dungeon)
  8884 | D:7      | Reached * piety under Wu Jian
  9262 | D:7      | Noticed Maggie
  9283 | D:7      | Killed Maggie
  9613 | D:8      | Noticed a two-headed ogre
  9924 | D:8      | Killed a two-headed ogre
  9925 | D:8      | Reached XP level 10. HP: 25/84 MP: 13/18
 10459 | D:8      | Identified the Papyrus of the Three Towns
 10568 | D:9      | Found a bloodstained altar of Trog.
 11118 | D:9      | Found a staircase to the Orcish Mines.
 11130 | D:9      | Noticed a two-headed ogre
 11145 | D:9      | Killed a two-headed ogre
 11304 | D:9      | Found a sacrificial altar of Ru.
 11354 | D:9      | Reached ** piety under Wu Jian
 11673 | D:9      | Killed an unseen horror
 12279 | D:10     | Entered Level 10 of the Dungeon
 12997 | D:10     | Found a staircase to the Lair.
 13011 | D:10     | Reached XP level 11. HP: 81/94 MP: 16/21
 13050 | D:10     | HP: 4/94 [yak (13)]
 13617 | D:10     | Reached *** piety under Wu Jian
 13908 | D:10     | Found Wagh's Jewellery Emporium.
 14058 | Lair:1   | Entered Level 1 of the Lair of Beasts
 16435 | Lair:2   | Found a sparkling altar of Nemelex Xobeh.
 16598 | Lair:2   | Found a staircase to the Snake Pit.
 18006 | Lair:3   | Reached XP level 12. HP: 102/106 MP: 23/23
 18128 | Lair:3   | Reached **** piety under Wu Jian
 18135 | Lair:3   | Noticed a queen ant
 18150 | Lair:3   | Killed a queen ant
 18180 | Lair:3   | Reached skill level 10 in Fighting
 18890 | Lair:3   | Found a staircase to the Shoals.
 19119 | Lair:4   | Noticed an eight-headed hydra
 19364 | Lair:4   | Killed an eight-headed hydra
 19365 | Lair:4   | Reached skill level 10 in Unarmed Combat
 21174 | Lair:3   | Reached XP level 13. HP: 34/116 MP: 25/25
 22694 | Lair:5   | Reached skill level 10 in Dodging
 23391 | Lair:5   | You fall into a shaft and drop 1 floor!
 23391 | Lair:6   | Entered Level 6 of the Lair of Beasts
 23408 | Lair:6   | HP: 2/117 [seven-headed hydra (7)]
 23408 | Lair:6   | Demolished by a seven-headed hydra

Illustrated notes

Levels and vault maps discovered:
D:1:      ncdulo_lavacross, layout_rooms
D:2:      layout_basic, fedhas_altar_4, lemuel_crystal_altar, uniq_sigmund
D:3:      layout_basic, chequers_ecumenical_altar_island, grunt_ministairs_15
D:4:      minmay_door_path, layout_loops_ring
D:5:      layout_cave_pools, nicolae_overflow_crystal_walls,
          nicolae_tso_besieged_by_evil, hex_tiny, minmay_shop_damaged,
          uniq_pikel
D:6:      layout_rooms, lemuel_coloured_pillars_altar, minmay_temple_entry_tees
D:7:      layout_loops_ring, serial_shops, shop, kennysheep_generic_room_6,
          uniq_joseph, uniq_maggie
D:8:      layout_rooms
D:9:      layout_roguey, marbit_many_paths, david_orc_3, serial_rivers,
          chequers_serial_rivers_micro_b, chequers_serial_rivers_marsh,
          chequers_serial_rivers_micro_b, chequers_serial_rivers_micro_d,
          chequers_serial_rivers_room_a, basic_altar
D:10:     layout_basic, erik_lair_orcish_takeover, serial_shops, shop,
          palyth_stone_intersect
Temple:   lightli_temple_of_artemis
Lair:1:   layout_gridlike, serial_bayou_pond_d, chequers_serial_rivers_micro_d,
          serial_bayou_shore_a
Lair:2:   layout_regular_city, guppyfry_snake_entry_island, basic_altar
Lair:3:   layout_chaotic_city, minmay_shoals_entry_lonely_mermaid,
          zaba_antful_of_joy, minmay_lair_oklob_chamber, grunt_megastairs_5
Lair:4:   layout_cave_pods, grunt_megastairs_4
Lair:5:   layout_regular_city
Lair:6:   evilmike_catoblepas_cave, layout_hall_layers, slime_altar_1,
          nicolae_volcano_entry_two_sided, st_stairs_7, minivault_24,
          uniq_rupert

Skill      XL: |  1  2  3  4  5  6  7  8  9 10 11 12 13 |
---------------+----------------------------------------+-----
Dodging        | 2 3 4 6 7 8 9 10 | 10.3
Fighting       | 2 3 4 5 6 8 9 11 | 11.7
Spellcasting   | 3 4 5 7 8 9 |  9.0
Transmutations | 3 4 5 6 7 8 9 |  9.9
Unarmed Combat | 4 5 6 8 9 10 11 | 11.2
Shields        | 1 2 3 4 |  4.0

Action                   |  1- 3 |  4- 6 |  7- 9 | 10-12 | 13-15 || total
-------------------------+-------+-------+-------+-------+-------++-------
Melee: Unarmed           |   176 |   251 |   510 |  1029 |   185 ||  2151
       Tailslap          |    16 |    26 |   107 |   215 |    31 ||   395
       Punch             |     2 |       |       |    34 |    12 ||    48
       Kick              |     2 |     7 |    38 |    70 |    10 ||   127
       Headbutt          |     1 |     4 |    18 |    40 |     9 ||    72
 Cast: Beastly Appendage |     1 |     3 |     9 |     9 |     4 ||    26
       Wereblood         |       |       |     3 |     8 |     1 ||    12
       Spider Form       |       |       |     2 |     1 |       ||     3
       Blade Hands       |       |       |     1 |     7 |     2 ||    10
Invok: Lunge             |       |       |    13 |    32 |     7 ||    52
       Whirlwind         |       |       |       |    71 |    24 ||    95
       Serpent's Lash    |       |       |       |     5 |     4 ||     9
 Abil: Wall Jump         |       |       |       |    15 |     5 ||    20
Evoke: Wand              |       |       |       |     1 |       ||     1
  Use: Scroll            |       |    10 |     1 |     9 |     1 ||    21
       Potion            |       |     1 |     1 |     3 |     1 ||     6
 Stab: Sleeping          |       |     1 |     5 |     7 |       ||    13
Armor: Skin              |    66 |    49 |   120 |   285 |    39 ||   559
Dodge: Dodged            |   127 |   101 |   228 |   878 |   146 ||  1480
Block: Buckler           |       |    47 |   140 |   249 |       ||   436
